 Dungeon Crawl Stone Soup version 0.24.0-37-gcf1ca852f1 (webtiles) character file.

Game seed: 14062064697432060351, levelgen mode: deterministic

160 Johnny the Poker (level 4, -7/38 HPs)
             Began as a Demigod Gladiator on Nov 23, 2019.
             Mangled by an ogre
             ... wielding a +0 giant club
              (19 damage)
             ... on level 4 of the Dungeon.
             The game lasted 00:02:53 (2680 turns).

Johnny the Poker (Demigod Gladiator)                Turns: 2680, Time: 00:02:53

Health: -7/38      AC:  9    Str: 19    XL:     4   Next: 96%
Magic:  15/15      EV:  8    Int: 12    God:
Gold:   142        SH:  0    Dex: 17    Spells: 3/3 levels left

rFire    . . .     SeeInvis .   a - +0 trident
rCold    . . .     Gourm    .   (no shield)
rNeg     . . .     Faith    +   y - +0 chain mail
rPois    .         Spirit   .   c - +0 helmet
rElec    .         Reflect  .   (no cloak)
rCorr    .         Harm     .   (no gloves)
MR       .....                  (no boots)
Stlth    ..........             t - amulet of faith
HPRegen  0.12/turn              j - ring of magical power
MPRegen  0.14/turn              m - ring of attention (curse)

@: no status effects
A: high mp 1
a: no special abilities


You were on level 4 of the Dungeon.
You were not hungry.

You visited 1 branch of the dungeon, and saw 4 of its levels.

You collected 142 gold pieces.

Inventory:

Hand Weapons
 a - a +0 trident (weapon)
Missiles
 d - 3 throwing nets (quivered)
Armour
 b - a +0 leather armour
 c - a +0 helmet (worn)
 y - a +0 chain mail (worn)
Jewellery
 j - a ring of magical power (left hand)
 m - a cursed ring of attention (right hand)
 t - an amulet of faith (around neck)
Scrolls
 e - 2 scrolls of fog {unknown}
 k - 3 scrolls of enchant weapon {unknown}
 l - 3 scrolls of teleportation {unknown}
 n - 4 scrolls of identify {unknown}
 o - 3 scrolls of remove curse {unknown}
 q - 2 scrolls of amnesia {unknown}
 x - a scroll of immolation {unknown}
Potions
 g - a potion of agility {unknown}
 h - 2 potions of mutation {unknown}
 i - 2 potions of degeneration {unknown}
 p - 2 potions of heal wounds {unknown}
 r - a potion of haste {unknown}
 s - 2 potions of lignification {unknown}
 u - a potion of invisibility {unknown}
 v - a potion of curing {unknown}
 w - a potion of flight {unknown}
Comestibles
 f - 8 rations


   Skills:
 + Level 3.1 Fighting
 * Level 4.7 Polearms
 - Level 1.7 Throwing
 - Level 2.6 Dodging


You had 3 spell levels left.
You didn't know any spells.
Your spell library was empty.

Dungeon Overview and Level Annotations

Branches:
Dungeon (4/15)
 Temple: D:4-7


Innate Abilities, Weirdness & Mutations

You have an increased reservoir of magic. (+10% MP)


Message History

Okay, then.
Okay, then.
There is a stone staircase leading up here.
An ooze comes into view.
The ooze quivers.
An orc comes into view. It is wielding a +0 mace.
The orc shouts!
An orc priest comes into view. It is wielding a +0 short sword.
An orc priest comes into view. It is wielding a +0 war axe.
There is a stone staircase leading up here.
Found 20 stones.
A scorpion comes into view.
Found a glowing golden altar of the Shining One.
Found a radiant altar of Vehumet and a burning altar of Makhleb.
An ogre comes into view. It is wielding a +0 giant club.
The ogre shouts!
Found a hazy altar of Hepliaklqana.
The ogre hits you with a +0 giant club!!
Ouch! That really hurt!
You die...

####### #.....##
##.._...#
#.._8_..#
#..._...#
#.....@# ##...O.#
..# ##....O##
#... #.....###
##...
##......##....#
#..........#
#..........# .
##...<.Js..##...
.##....[o........


You could see 2 ogres.

Vanquished Creatures
  An iguana (D:3)
  3 adders
  An ooze (D:3)
  2 worms (D:2)
  A dart slug (D:2)
  3 leopard geckos
  9 orcs
  5 giant cockroaches
  9 goblins
  6 hobgoblins
  3 jackals
  10 kobolds
  2 quokkas (D:3)
  10 bats
  2 frilled lizards
  A jackal skeleton (D:3)
  10 rats
  4 toadstools (D:1)
82 creatures vanquished.

Notes
Turn   | Place    | Note
-------+----------+-------------------------------------------
     0 | D:1      | Johnny the Demigod Gladiator began the quest for the Orb.
     0 | D:1      | Reached XP level 1. HP: 17/17 MP: 3/3
   102 | D:1      | Reached skill level 3 in Polearms
   277 | D:1      | Reached XP level 2. HP: 24/24 MP: 4/4
   868 | D:2      | Reached XP level 3. HP: 22/30 MP: 5/5
  1195 | D:2      | Reached skill level 4 in Polearms
  1697 | D:3      | Reached XP level 4. HP: 25/37 MP: 6/6
  1905 | D:3      | Found a bloodstained altar of Trog.
  1917 | D:3      | Found a stormy altar of Qazlal.
  2554 | D:4      | Noticed an ogre
  2674 | D:4      | Found a glowing golden altar of the Shining One.
  2675 | D:4      | Found a radiant altar of Vehumet.
  2675 | D:4      | Found a burning altar of Makhleb.
  2676 | D:4      | Found a hazy altar of Hepliaklqana.
  2676 | D:4      | Noticed an ogre
  2680 | D:4      | Mangled by an ogre

Levels and vault maps discovered:
D:1:      ldierk_water_garden, layout_loops_ring, minmay_misc_feat_plants,
          chequers_serial_rivers_small_b, serial_bayou_pond_d,
          serial_bayou_lagoon_a, serial_park_tiny_pond
D:2:      layout_loops_ring, first_ration
D:3:      layout_loops_ring, amethyst_overflow_temple_binary, minmay_pentangle
D:4:      minmay_skewed_foursquare, layout_cave_pools, lemuel_round_altar,
          chequers_temple_overflow_statue_of_worship,
          cheibrodos_sewer_entry_sluice

Skill      XL: |  1  2  3  4 |
---------------+-------------+-----
Fighting       | 2 3 |  3.1
Polearms       | 3 4 |  4.7
Throwing       | |  1.7
Dodging        | |  2.6

Action                   |  1- 3 |  4- 6 || total
-------------------------+-------+-------++-------
Melee: Trident           |   151 |   103 ||   254
 Stab: Sleeping          |     3 |       ||     3
  Eat: Chunk             |     1 |     5 ||     6
Armor: Leather armour    |    41 |    10 ||    51
       Chain mail        |       |    18 ||    18
Dodge: Dodged            |    66 |    52 ||   118
